 Dungeon Crawl Stone Soup version 0.32-a0-872-g59262bdc9b (webtiles) character file.

Game seed: 15739994636504333046

4594 Autsider the Grappler (level 10, 0/98 HPs)
             Began as a Troll Fighter on Mar 30, 2024.
             Was a Believer of Wu Jian.
             Slain by an orc warrior
             ... wielding a +0 glaive
              (20 damage)
             ... on level 8 of the Dungeon.
             The game lasted 00:18:32 (5516 turns).

Autsider the Grappler (Troll Fighter)               Turns: 5516, Time: 00:18:33

Health: 0/98       AC: -7    Str: 26    XL:     10   Next: 19%
Magic:  9/9        EV: 11    Int:  4    God:    Wu Jian [**....]
Gold:   558        SH: 12    Dex: 19    Spells: 9/9 levels left

rFire   . .          .
                       - Unarmed
rCold   + . .        b - +1 kite shield
rNeg    . . .        a - +0 robe
rPois   .            (helmet restricted)
rElec   .            G - +0 cloak
rCorr   .            (gloves unavailable)
SInv    .            (boots unavailable)
Will    .....        (no amulet)
Stlth   ++           g - +6 ring of dexterity
HPRegen 1.16/turn    E - ring of protection from cold
MPRegen 0.11/turn

%: no passive effects
@: corroded
A: large, unfitting armour, claws 3, regeneration 1, shaggy fur 1, tough skin 1
a: Renounce Religion, Wall Jump


You were on level 8 of the Dungeon.
You worshipped Wu Jian.
Wu Jian was pleased with you.
You visited 1 branch of the dungeon, and saw 8 of its levels.
You also visited: Sewer and Ossuary.

You collected 558 gold pieces.

Inventory:

Hand Weapons
 D - a +2 whip of venom
Missiles
 q - 3 curare-tipped darts (quivered)
 r - a throwing net
 F - 2 datura-tipped darts
Armour
 a - a +0 robe (worn)
 b - a +1 kite shield (worn)
 G - a +0 cloak (worn)
Jewellery
 g - a +6 ring of dexterity (left claw)
 E - a ring of protection from cold (right claw)
Wands
 h - a wand of charming (7)
Scrolls
 d - a scroll of brand weapon {unknown}
 i - 2 scrolls of summoning
 j - a scroll of vulnerability
 o - 2 scrolls of enchant armour
 p - 2 scrolls of teleportation
 s - 4 scrolls of blinking
 x - 2 scrolls of fog
 y - a scroll of noise
 z - 3 scrolls of enchant weapon
 H - a scroll of identify
Potions
 c - 2 potions of might
 e - 3 potions of resistance
 f - 3 potions of curing
 k - 3 potions of ambrosia
 l - 2 potions of heal wounds
 m - 3 potions of enlightenment
 n - 2 potions of magic
 t - 4 potions of attraction
 u - 4 potions of brilliance
 v - 4 potions of degeneration
 w - a potion of haste
 A - 2 potions of mutation
 B - a potion of lignification {unknown}
 C - a potion of berserk rage {unknown}


   Skills:
 + Level 6.2 Fighting
 + Level 6.0 Dodging
 + Level 6.7 Shields
 * Level 9.7 Unarmed Combat


You had 9 spell levels left.
You didn't know any spells.
Your spell library contained the following spells:

 Spells                   Type           Power      Damage    Failure   Level
 Scorch                   Fire           0%         2d5       85%         2
 Static Discharge         Conj/Air       0%         3-3/arc   85%         2
 Dazzling Flash           Conj/Hex       0%         N/A       97%         3
 Airstrike                Air            0%         2d(0-16)  100%        4
 Flame Wave               Conj/Fire      0%         2d4       100%        4
 Summon Lightning Spire   Summ/Air       0%         N/A       100%        4
 Starburst                Conj/Fire      0%         6d3       100%        6
 Summon Cactus Giant      Summ           0%         N/A       100%        6
 Maxwell's Capacitive Co  Air            0%         ∞         100%        8


Dungeon Overview and Level Annotations

Branches:
Dungeon (8/15)             Temple (0/1) D:5           Sewer (visited)
Ossuary (visited)
   Lair: D:8-11

Altars:
Gozag
Hepliaklqana
Kikubaaqudgha
Trog
Wu Jian
Zin
The Shining One

Shops:
D:3 *

Annotations:
D:6 3 runed translucent doors, Dirtsage's ghost, novice MDFi


Innate Abilities, Weirdness & Mutations

You are too large for most types of armour.
You have claws for hands.
Your natural rate of healing is unusually fast.
You are covered in fur. (AC +1)
You have tough skin. (AC +1)


Message History

The Council accepts your kill. You block the orc warrior's attack.
An orc comes into view. It is wielding a +0 club.
The orc shouts!
The orc warrior closely misses you.
Items here: )))) [[ †††.
You scratch the orc warrior but do no damage.
The orc warrior hits you with a +0 glaive!
You completely miss the orc warrior.
The orc warrior hits you with a +0 glaive!
You claw the orc warrior!
The orc warrior is moderately wounded.
You block the orc warrior's attack.
You completely miss the orc warrior.
The orc warrior is moderately wounded.
You claw the orc warrior!
The orc warrior is heavily wounded.
The orc warrior hits you with a +0 glaive!
You are too injured to fight recklessly!
You scratch the orc wizard but do no damage.
The orc wizard casts a spell at you. The puff of flame hits you!
The orc warrior hits you with a +0 glaive!
* * * LOW HITPOINT WARNING * * *
You barely miss the orc wizard. You block the orc wizard's attack.
You block the orc warrior's attack.
The orc warrior hits you from afar with a +0 glaive!
* * * LOW HITPOINT WARNING * * *
You scratch the orc wizard but do no damage.
You block the orc wizard's attack.
The orc warrior hits you from afar with a +0 glaive!
* * * LOW HITPOINT WARNING * * *
You scratch the orc wizard but do no damage.
You mangle the orc wizard!!
You kill the orc wizard!
The Council accepts your kill. You block the orc warrior's attack.
You barely miss the orc.
The orc warrior hits you from afar with a +0 glaive!!
You die...

#....+..# #......
##...##.###
####.## ##.).....#
#.## #.......# ##
#.## #%......#####
#.. #.##
#......(....# #.##
...##
#.......###.#
#..#####...##
####...## #.####
#..........#.
#...# #..)@#
#......... #.
#...#
####o####o........
#. .....#
#oo.oo......... #[
#...###
#####.......... #.
#... ##......## #.
##o.#### #. ...o..
#. ..o..##.o #.
.o....# ..


You could see an orc warrior and 2 orcs.

Vanquished Creatures
  3 yaks (D:8)
  A wyvern (D:8)
  Grum (D:8)
  The ghost of zyxw121 the Slasher, an amateur HuFi (D:3)
  3 water moccasins (D:7)
  2 orc warriors
  A black bear (D:7)
  2 ice beasts
  2 ogres (D:6)
  3 wolves (D:8)
  3 centaurs
  2 phantoms
  A gnoll sergeant (D:5)
  3 bullfrogs
  6 scorpions
  5 wights (D:7)
  3 howler monkeys (D:7)
  2 bombardier beetles
  3 hounds
  A jelly (D:8)
  A gnoll bouda (D:5)
  5 orc priests
  2 sleepcaps
  Natasha (thrice) (D:3)
  8 orc wizards
  9 mummies
  6 gnolls (D:5)
  3 river rats (Sewer)
  14 adders
  2 ufetubi (D:5)
  3 dart slugs
  4 ribbon worms
  14 orcs
  12 bats
  4 endoplasms
  10 giant cockroaches
  11 goblins
  10 hobgoblins
  12 jackals
  2 quokkas
  13 ball pythons
  8 frilled lizards
  A gnoll zombie (Ossuary)
  A goblin zombie (D:5)
  2 hobgoblin zombies (Ossuary)
  8 kobolds
  3 kobold zombies (Ossuary)
  3 orc zombies
  30 rats
252 creatures vanquished.

Notes
Turn   | Place    | Note
-------+----------+-------------------------------------------
     0 | D:1      | Autsider the Troll Fighter began the quest for the Orb.
     0 | D:1      | Reached XP level 1. HP: 22/22 MP: 0/0
   130 | D:1      | Reached XP level 2. HP: 25/29 MP: 1/1
   172 | D:1      | Reached XP level 3. HP: 36/36 MP: 2/2
   577 | D:2      | Reached skill level 3 in Unarmed Combat
   700 | D:2      | Reached XP level 4. HP: 44/44 MP: 3/3
  1136 | D:3      | Found a runed translucent door.
  1185 | D:3      | Noticed zyxw121's ghost (amateur HuFi)
  1201 | D:3      | Reached XP level 5. HP: 50/53 MP: 4/4
  1498 | D:3      | Noticed Natasha
  1505 | D:3      | Killed Natasha
  1562 | D:3      | Noticed Natasha
  1572 | D:3      | Killed Natasha
  1573 | D:3      | Reached skill level 4 in Unarmed Combat
  1582 | D:3      | Found Bateo's Assorted Antiques.
  1673 | D:3      | Noticed Natasha
  1679 | D:3      | Killed Natasha
  1700 | D:3      | Killed zyxw121's ghost
  1701 | D:3      | Reached XP level 6. HP: 59/61 MP: 5/5
  1894 | D:4      | Found a glowing drain.
  1925 | Sewer    | Entered a sewer
  2180 | Sewer    | Reached skill level 5 in Unarmed Combat
  2186 | Sewer    | Reached XP level 7. HP: 11/68 MP: 6/6
  2578 | D:4      | Found a glowing silver altar of Zin.
  2578 | D:4      | Found a glowing golden altar of the Shining One.
  2589 | D:4      | Found an ornate altar of the Wu Jian Council.
  2590 | D:4      | Found an ancient bone altar of Kikubaaqudgha.
  2597 | D:4      | Became a worshipper of the Wu Jian Council
  3127 | D:5      | Entered Level 5 of the Dungeon
  3192 | D:5      | Reached skill level 6 in Unarmed Combat
  3195 | D:5      | Reached XP level 8. HP: 33/78 MP: 7/7
  3449 | D:5      | Reached * piety under Wu Jian
  3457 | D:5      | Found a sand-covered staircase.
  3466 | Ossuary  | Entered an ossuary
  3897 | D:5      | Reached skill level 5 in Shields
  3912 | D:5      | Reached skill level 7 in Unarmed Combat
  3928 | D:5      | Found a staircase to the Ecumenical Temple.
  4058 | D:5      | Reached ** piety under Wu Jian
  4300 | D:6      | Reached skill level 5 in Fighting
  4309 | D:6      | Found a runed translucent gate.
  4309 | D:6      | Found a runed translucent gate.
  4309 | D:6      | Found a runed translucent gate.
  4311 | D:6      | Found an opulent altar of Gozag.
  4312 | D:6      | Noticed a manticore
  4313 | D:6      | Noticed Dirtsage's ghost (novice MDFi)
  4313 | D:6      | Noticed a boulder beetle
  4346 | D:6      | Reached XP level 9. HP: 88/88 MP: 8/8
  4354 | D:6      | Reached skill level 5 in Dodging
  4377 | D:6      | Found a hazy altar of Hepliaklqana.
  4447 | D:6      | Found a bloodstained altar of Trog.
  4464 | D:6      | Found an opulent altar of Gozag.
  4618 | D:6      | Reached skill level 8 in Unarmed Combat
  5276 | D:8      | Noticed Grum
  5289 | D:8      | Reached skill level 9 in Unarmed Combat
  5291 | D:8      | Killed Grum
  5415 | D:8      | Reached XP level 10. HP: 70/98 MP: 9/9
  5516 | D:8      | Slain by an orc warrior

Illustrated notes

Levels and vault maps discovered:
D:1:      erik_arrival_triangle_huge, layout_rooms, st_stairs_5
D:2:      layout_loops_cross, st_stairs_13, nicolae_titane
D:3:      layout_rooms, serial_shops, shop, hellmonk_ghost_happy_afterlife,
          minmay_goblin_kobold_house, uniq_natasha
D:4:      layout_basic, chequers_temple_overflow_statue_of_worship,
          portal_sewer_entry_c
D:5:      old_forge, layout_rooms, minmay_temple_entry_statues_pillars,
          nicolae_ossuary_entry_giza
D:6:      layout_cave_pools, overflow_temple_1_default,
          overflow_temple_1_default, trog_three_pillars_becter,
          ebering_ghost_gozag
D:7:      layout_rooms
D:8:      layout_basic, minmay_nine_imps, uniq_maurice, uniq_grum

Skill      XL: |  1  2  3  4  5  6  7  8  9 10 |
---------------+-------------------------------+-----
Shields        | 3 4 5 6 |  6.7
Unarmed Combat | 3 4 5 6 7 9 |  9.7
Fighting       | 3 4 5 6 |  6.2
Dodging        | 3 4 5 6 |  6.0

Action                     |  1- 3 |  4- 6 |  7- 9 | 10-12 || total
---------------------------+-------+-------+-------+-------++-------
  Melee: Unarmed           |   105 |   215 |   331 |    47 ||   698
Ability: Lunge             |       |       |    16 |     1 ||    17
         Whirlwind         |       |       |     7 |     1 ||     8
    Use: Scroll            |       |     9 |    14 |       ||    23
   Stab: Sleeping          |       |     1 |     4 |       ||     5
 Armour: Robe              |    62 |   151 |   169 |    17 ||   399
  Dodge: Dodged            |    38 |   121 |    99 |    12 ||   270
  Block: Kite shield       |    61 |   159 |   190 |    28 ||   438

Table legend: (Time is in decaauts)
 A = Elapsed time spent in this place.
 B = Non-inter-level travel time spent in this place.
 C = Inter-level travel time spent in this place.
 D = Time resting spent in this place.
 E = Time spent auto-exploring this place.
 F = Levels seen in this place.
 G = Mean time per level.
                   A        B        C        D        E       F      G
               +--------+--------+--------+--------+--------+-----+--------+
         Total |   5518 |   5201 |    317 |    217 |   3424 |  10 |  551.8 |
       Dungeon |   4981 |   4664 |    317 |    138 |   3212 |   8 |  622.6 |
         Sewer |    353 |    353 |      0 |     79 |    106 |   1 |  353.0 |
       Ossuary |    183 |    183 |      0 |      0 |    106 |   1 |  183.0 |
               +--------+--------+--------+--------+--------+-----+--------+

Top non-repeatable levels by time:
     D:4: 1064 daAuts
     D:5: 791 daAuts
     D:2: 666 daAuts
     D:3: 635 daAuts
     D:6: 574 daAuts
     D:7: 526 daAuts
     D:1: 479 daAuts
   Sewer: 353 daAuts
     D:8: 244 daAuts
 Ossuary: 183 daAuts
